Workbook
Name Checkliste: '[1]Gebäude-3'!$AK$8:$AK$9
Name Kontrollkästchen1: Checkliste!#REF!
Name Passivhaus: #REF!
Name Passivhaus: [2]Gebäude!$AK$8:$AK$9

Sheet Antrag
C2: FALSE | D2: TRUE | E2: FALSE | F2: FALSE | G2: TRUE | H2: FALSE | I2: FALSE | J2: FALSE | K2: FALSE | L2: TRUE | M2: FALSE | N2: FALSE | O2: TRUE | P2: FALSE | Q2: TRUE | R2: FALSE | S2: TRUE | V2: FALSE | W2: FALSE | X2: FALSE | Z2: FALSE | AA2: FALSE | AC2: , | AD2: =IF(#REF!="","",CONCATENATE(#REF!,AC2)) -> #REF! | AE2: =IF(#REF!="","",CONCATENATE(#REF!,AC2)) -> #REF!
C4: Antrag auf Modernisierungsförderung | AT4: Hinweis zur Bearbeitung des Förderantrags: Um die Bearbeitung zu erleichtern, gehen Sie bitte wie folgt vor: 1. Einstieg auf der Seite „Antrag“: Füllen Sie zunächst Ihre Daten aus und ergänzen Sie dann Ihre Finanzierungsbausteine unter 4. inkl. Darlehenshöhen und Laufzeitwünsche (sofern wählbar) 2. Kostendetails zum Vorhaben. Bearbeiten Sie anschließend den/die entsprechenden Detailreiter - bitte nur Kosten erfassen, die zugeordnet werden können - die Kosten der Bausteine werden automatisch übertragen 3. Kosten finalisieren: Wechseln Sie danach zurück auf die Seite „Antrag“ und ergänzen Sie den Abschnitt 5. 4. Objektdetails erfassen. Im nächsten Schritt bearbeiten Sie: - Objektinformationen - Grundbuchinformationen - weitere Details 5. Vollständigkeit vor Einreichung sicherstellen. Wenn alle Eingaben final sind, - ergänzen Sie bitte die Erklärungen, - prüfen Sie die Checkliste, ob alle Unterlagen für die endgültige Einreichung vorliegen. 6. Unterlagen für die Einreichung vorbereiten. Ist Ihr Paket final, - wandeln Sie die Arbeitsmappe bei Bedarf in ein PDF um und drucken dieses aus, - holen Sie die Originalunterschriften ein und leiten Sie den Antrag an Ihre zuständige Wohnraumförderstelle weiter. Ein direkter Druck aus der Arbeitsmappe ist ebenfalls möglich; achten Sie dabei bitte auf die Sortierreihenfolge der Ausdrucke. 7. Navigation im Formular: - Zwischen nahe beieinanderliegenden Eingabefeldern können Sie komfortabel mit der Tab-Taste springen. - Für weiter entfernte Abschnitte nutzen Sie bitte den Mausklick.
C5: für Mietwohnungen
C6: ab Programmjahr 06.2026
D7: Antragsnummer:
D11: 1. Antragsteller/in | W11: 3 a. Betreuer/in oder Beauftragte/r
D13: Name, Vorname / Firma | W13: Name, Vorname / Firma
D15: Straße, Hausnummer | W15: Telefon / Beruf / Titel
D17: PLZ Ort | W17: E-Mail-Adresse
D19: Telefon
D21: E-Mail-Adresse
D22: 2. Bauort / Grundstück | W22: 3 b. Korrespondenzadresse
D24: PLZ | F24: Ort | W24: PLZ | Y24: Ort
D26: Straße, Hausnummer | W26: Straße, Hausnummer
B28: 4. | D28: Für das vorstehend bezeichnete und in den Anlagen näher beschriebene | AC28: Beträge in EUR | AI28: tilgungs- freie Jahre
D29: Förderobjekt/Bauvorhaben wird/werden beantragt:
D30: Bitte Kontrollkästen bei den gewünschten Finanzierungsbausteinen anklicken und Beträge ergänzen!
B31: 4.1 | D31: FALSE | E31: Darlehen zur Modernisierung für Mietwohnungen nach den Landesrichtlinien mit Zinszuschuss des Landes Hessen | AT31: =IF(OR(D31=TRUE,AC31<>0),"Bitte Anlage 5.1 ausfüllen und Regelungen in der Richtlinie bzw. Hinweise in der Mittelzuteilung beachten!","")
AC32: =IF(AC31="","",ROUNDDOWN(AC31,-2)) | AL32: =IF(AT32="","","!") | AT32: =IF(OR(AC31="",AF59=""),"",IF(AC31>AF59*0.75,"Bitte Darlehenshöhe prüfen!",""))
E35: ergänzender Finanzierungszuschuss | AC35: =IF(AC32="","",AC32*0.3)
B38: 4.2 | D38: FALSE | E38: KfW-Darlehen "Altersgerecht Umbauen" | AT38: =IF(OR(D38=TRUE,AC38<>0),"Bitte Anlage 5.4 ausfüllen!","")
N39: Darlehenslaufzeit: | S39: =IF(AP51=1,"",IF(AP51=2,10,IF(AP51=3,20,IF(AP51=4,30,"")))) | V39: Jahre | AP39: 4
B41: 4.3 | D41: FALSE | E41: KfW-Darlehen "BEG Wohngebäude Kredit - Effizienzhaus (Sanierung)" | AP41: 3
N42: Effizienzhaus: | S42: {=IF(INDEX(AQ43:AQ68,AP42)="","",INDEX(AQ43:AQ68,AP42))} | V42: Typ | AP42: 1 | AT42: =IF(OR(D41=TRUE,AC41<>0),"Bitte Anlage 5.3 ausfüllen!","")
N43: Darlehenslaufzeit: | S43: =IF(AP53=1,"",IF(AP53=2,10,IF(AP53=3,20,IF(AP53=4,30,"")))) | V43: Jahre | AR43: KFWG
AQ44: EH 40 EE | AR44: KFWG-Q
AQ45: EH 40 EE WPB | AR45: EH 55
B46: 4.4 | D46: FALSE | E46: KfW-Darlehen "KFN Klimafreundlicher Neubau Wohngebäude" | AP46: 10 Jahre | AQ46: EH 40 EE SerSan | AT46: =IF(OR(D46=TRUE,AC46<>0),"Bitte Anlage 5.2 ausfüllen!","")
N47: Effizienzhaus: | S47: {=IF(INDEX(AR42:AR45,AP59)="","",INDEX(AR42:AR45,AP59))} | V47: Typ | AP47: 20 Jahre | AQ47: EH 40 EE WPB SerSan
AP48: 30 Jahre | AQ48: EH 55 EE
N49: Darlehenslaufzeit: | S49: =IF(AP54=1,"",IF(AP54=2,10,IF(AP54=3,25,IF(AP54=4,35,"")))) | V49: Jahre | AQ49: EH 55 EE WPB
AQ50: EH 55 EE SerSan
AP51: 1 | AQ51: EH 55 EE WPB SerSan | AT51: =IF(D52=FALSE,"","Bitte in separater Anlage erläutern, welche Kapitalmittel für welche Kosten benötigt werden!")
B52: 4.5 | D52: FALSE | AP52: 4 | AQ52: EH 70 EE
E53: 4.1. - 4.5 Darlehen ggf. mit Bürgschaft des Landes Hessen | AP53: 1 | AQ53: EH 70EE WPB
AP54: 1 | AQ54: EH 70 EE SerSan
AQ55: EH 70 EE WPB SerSan
B56: 5. | D56: Durchzuführende Neubau-, Modernisierungs-, Energieeinsparungs- | AC56: Anzahl | AF56: veranschlagte Kosten | AQ56: EH 85 EE
D57: und Umbaumaßnahmen - Gesamtkostenaufstellung | AC57: WE | AF57: in vollen EUR | AQ57: EH Denkmal EE
D58: Bitte entsprechende Details in entsprechenden Reitern 5.1 - 5.4 ergänzen, Werte werden übertragen! | AP58: 2 | AQ58: EH 40 NH
B59: 5.1 | D59: Modernisierungsförderung für Mietwohnungen nach den Landesrichtlinien (1) (2) | AF59: =IF('5.1 Mod.-Landesmittel'!U21="","",'5.1 Mod.-Landesmittel'!U21) | AP59: 1 | AQ59: EH 40 NH WPB
AQ60: EH 40 NH SerSan
B61: 5.2 | D61: KfW-Darlehen "KFN Klimafreundicher Neubau Wohngebäude" (1) (2) | AF61: =IF('5.2 Neubau Effizienzhs. '!O36="","",'5.2 Neubau Effizienzhs. '!O36) | AQ61: EH 40 NH WPB SerSan
E62: davon energetische Kosten | V62: EUR | AQ62: EH 55 NH
E63: davon Kosten energet. Fachplanung/Baubegleitung | V63: EUR | AQ63: EH 55 NH WPB
E64: davon Kosten Zertifizierung | V64: EUR | AQ64: EH 55 NH SerSan
AQ65: EH 55 NH WPB SerSan
B66: 5.3 | D66: KfW-Darlehen "BEG Wohngebäude Kredit - Effizienzhaus (Sanierung)" (1) (2) | AF66: =IF('5.3 Mod.-KFW Sanieren'!Z31="","",'5.3 Mod.-KFW Sanieren'!Z31) | AQ66: EH 70 NH
E67: davon energetische Kosten | V67: EUR | AQ67: EH 85 NH
E68: davon Kosten energet. Fachplanung/Baubegleitung | V68: EUR | AP68: 10 | AQ68: EH Denkmal NH
AP69: 25
A70: Antragsvordruck: Stand 21.10.2026 | B70: 5.4 | D70: KfW-Altersgerecht Umbauen (2) | AF70: =IF('5.4 KfW Altersgerecht Umbauen'!Z30="","",'5.4 KfW Altersgerecht Umbauen'!Z30) | AP70: 35
D72: Summe der Maßnahmen (Nr. 5.1 - 5.4) | AF72: =IF(SUM(AE59:AK70)=0,"",SUM(AE59:AK70))
B74: 5.5 | D74: Weitere Kosten für folgende Maßnahmen:
D76: Gesamtkosten (Nr. 5.1 - 5.5) | AF76: =IF(N(AF74)+N(AF72)=0,"",N(AF74)+N(AF72))
C78: (1) Planunterlagen bitte beifügen. (2) Bitte detaillierte Maßnahmenbeschreibung u. Kostenaufstellung je Maßnahme beifügen.
C80: Antragsteller: | G80: =IF(Antrag!$D$12="","",Antrag!$D$12) | AG80: Seite 1 von Seite 4
B83: 6. | C83: Weitere Angaben zum Objekt in | O83: =IF($D$23="","",CONCATENATE($D$23,", ",$D$25))
C85: Die Wohnungen sind bereits mietpreisgebunden: | T85: =IF($AP$85=3,"Nein",IF($AP$85=2,"Ja","")) -> Nein | X85: vor Modernisierung | AD85: nach Modernisierung und für Neubauten | AP85: 3 | AQ85: Ja | AT85: =IF(AP85<>2,"","Bitte bestehende Antragsnummer/Vertragsnummer auf Reiter 'Erklärungen' erfassen. Danke!")
B86: 6.1 | C86: Anzahl der zu finanzierenden Wohnungen (mietpreisgebunden) | AI86: Stück | AQ86: Nein
B87: 6.1.1 | D87: Wohnfläche | AI87: m²
B88: 6.1.2 | D88: Durchschnittsmiete pro m²/Monat ohne Betriebskosten: | T88: =IF(AND(AP85=2,AP88=1,AQ88>2),"Mieterhöhung max. 2 €/m²","") | AI88: €/m² | AP88: =IF(X88>0,1,0) -> 0 | AQ88: =AD88-X88 -> 0
B89: 6.2 | C89: Anzahl der weiteren Wohnungen (freifinanziert) | AI89: Stück
B90: 6.2.1 | D90: Wohnfläche | AI90: m²
B91: 6.2.2 | D91: Durchschnittsmiete pro m²/Monat ohne Betriebskosten: | AI91: €/m²
B92: 6.3 | C92: Anzahl der Gewerbeeinheiten: | AI92: Stück
B93: 6.3.1 | D93: Gewerbefläche: | AI93: m²
B94: 6.3.2 | D94: Durchschnittsgewerbemiete pro m²/Monat: | AI94: €/m²
B95: 6.4 | C95: Anzahl Garagen / Tiefgaragenstellplätze: | AI95: Stück
B96: 6.4.1 | D96: Durchschnittsgaragenmiete pro Stück/Monat: | AI96: €/Stück
B97: 6.5 | C97: Anzahl Stellplätze: | AI97: Stück
B98: 6.5.1 | D98: Durchschnittsstellplatzmiete pro Stück/Monat: | AI98: €/Stück
B99: 6.6 | C99: sofern Erbbaurecht;Betrag des Erbbauzinses jährlich: | AI99: €
B100: 6.7 | C100: dauerhafte Leerstände (Anzahl Wohnungen) | AI100: Stück
B101: 6.8 | C101: dauerhafte Leerstände (Anzahl Stellplätze / Tiefgaragenstellplätze) | AI101: Stück
B102: 6.9 | C102: dauerhafte Leerstände (Flächenangabe / Anzahl Gewerbeeinheiten) | AA102: m² | AI102: Stück
B104: 7. | C104: Objektfinanzierungsmittel (vor-, gleich- und nachrangige)
C106: Darlehensgeber | P106: Nominalkapital (€) | X106: Restkapital (€) | AF106: Sollzins- satz % | AI106: Tilgungs- satz %
B108: 7.1
B109: 7.2
B110: 7.3
B111: 7.4
B113: 7.5 | C113: Eigenkapital
B114: 7.6 | C114: Eigenleistungen
B117: 8. | D117: Ergänzende Angaben zum Bauort / Grundstück
D119: Kaufvertrag abgeschlossen am: | X119: erstmalige Fertigstellung Objekt im Jahr:
D121: Erbbaurecht bestellt bis Jahr: | X121: aktuelle Höhe Erbbauzins:
D123: eingetragen beim Amtsgericht in | X123: im Grundbuch von
D126: Blatt | L126: Flur | S126: Flurstück
D129: im Baulastenverzeichnis sind eingetragen:
B133: 8.1 | D133: Größe des (Bau-)Grundstückes | S133: m²
B135: 8.2 | D135: Belastungen im Grundbuch:
A137: =TODAY() -> 46316 | D137: Abt. II Nr. | M137: Recht:
D139: Abt. II Nr. | M139: Recht:
D141: Abt. III Nr. | M141: EUR | V141: für
D143: Abt. III Nr. | M143: EUR | V143: für
D145: Abt. III Nr. | M145: EUR | V145: für
B147: 9. | D147: Mittelbereitstellung für Modernisierungen aus Landesmitteln
D149: Die Mittelbereitstellung erfolgte mit Schreiben vom (bitte als Anlage beifügen):
D151: mit reservierten Mittel i.H.v.: | M151: Baudarlehen: | X151: Finanzierungszuschuss:
...

Sheet Erklärungen
C2: Antragsteller/-in: | L2: =IF(Antrag!$D$12="","",Antrag!$D$12)
C4: Objektort und -straße: | L4: =IF(Antrag!$D$23="","",CONCATENATE(Antrag!$D$23,", ",Antrag!$D$25))
C7: Verbindliche Erklärungen der Antragsteller/Darlehensnehmer:
C9: =IF(Antrag!AP85=2,"Die Wohnungen sind mit öffentlichen Mitteln gefördert unter Antragsnummer der WIBank:","")
C12: 1. Bei Beantragung des Modernisierungsdarlehens / Finanzierungszuschusses nach den Landesrichtlinien:
C13: Mir/Uns ist bekannt, dass
C14: - | D14: die Antragstellung und Förderzusage auf der Grundlage der Richtlinie des Landes Hessen zur sozialen Mietwohnraumförderung
D15: vom 26.06.2026 (StAnz. 29/2026 S. 627 ff.) erfolgt.
C16: - | D16: mit der Maßnahme nicht vor Aufnahme in das Förderprogramm durch das für das Wohnungswesen zuständige Ministerium begonnen
D17: werden darf.
C18: - | D18: die Wirtschafts- und Infrastrukturbank Hessen berechtigt ist, ein einmaliges Bearbeitungsentgelt von 1 % des bewilligten Darlehens
D19: und jeweils 0,5 % des bewilligten Finanzierungszuschusses zu erheben.
C20: - | D20: die Kosten der Modernisierung mindestens 6.000,00 € je Wohnung betragen sollen.
C21: - | D21: Eigenleistungen/Selbsthilfe sowie Kosten der Unterbringung von Mietern während der Durchführung von Modernisierungsmaßnahmen keine
D22: förderfähigen Ausgaben darstellen.
C23: - | D23: bis zum Ablauf von 5 Jahren nach Abschluss der Modernisierung daneben keine weiteren Mieterhöhungen zugelassen sind.
C24: - | D24: im Fall der Nichtabnahme der zugesagten Mittel die Wirtschafts- und Infrastrukturbank Hessen eine Entschädigung verlangen kann.
C25: - | D25: die Checkliste zum Antrag auszufüllen und die entsprechenden Nachweise dazu mit dem Förderantrag einzureichen sind.
C27: 2. Bei Beantragung von WIBank-Darlehen aus den Mitteln der KfW:
C28: Für antragstellende Unternehmen: Angaben zur Nachhaltigkeitsberichterstattung
E30: Es liegt ein unabhängiges ESG-Rating (z.B. MSCI ESG Rating, Sustainalytics) oder ein unabhängiger ESG-Report vor.
E31: FALSE | F31: nein | O31: FALSE | P31: ja, bitte angeben:
E33: Das Unternehmen hat einen Nachhaltigkeitsbericht veröffentlicht.
E34: FALSE | F34: nein | O34: FALSE | P34: ja, bitte Bericht anhängen und Folgendes angeben:
F35: - | G35: Letztes Berichterstattungsjahr:
F36: - | G36: Regelmäßigkeit der Veröffentlichung (z.B. jährlich, alle zwei Jahre, etc.):
F37: - | G37: Falls der Nachhaltigkeitsbericht nach anerkannten Nachhaltigkeitsberichterstattungsstandards
G38: (z. B. GRI, SASB, TCFD) erstellt wurde, bitte Standard angeben:
F39: - | G39: Wurde der Nachhaltigkeitsbericht durch die Wirtschaftsprüfung testiert?
G40: Falls ja, bitte Wirtschaftsprüfungsgesellschaft angeben:
C42: Für alle Antragsteller:
C43: Mir/Uns ist bekannt, dass
C44: - | D44: mit der Maßnahme nicht vor Refinanzierung der Darlehen bei der KfW begonnen werden darf.
C45: - | D45: im Fall der Nichtabnahme der zugesagten Mittel die Wirtschafts- und Infrastrukturbank Hessen eine Entschädigung verlangen kann.
C46: - | D46: für die Antragstellung und Zusage der Mittel zusätzlich die Vorgaben des entsprechenden KfW-Programmes gelten.
C48: Datenschutzerklärung für Antragsteller / Mithafter im Rahmen der Sofortbestätigung Light und Sofortbestätigung Plus
C49: sowie der Sofortbestätigung:
C50: - | D50: Ich/Wir nehme(n) zur Kenntnis, dass meine/unsere Daten im Rahmen der Beantragung einer der o. g. Sofortbestätigungen von der KfW und
D51: der Wirtschafts- und Infrastrukturbank Hessen als durchleitendes Kreditinstitut verarbeitet werden. Die Datenschutzgrundsätze der KfW
D52: und die produktspezifischen Datenschutzhinweise der KfW wurden mir/uns zur Verfügung gestellt und ich/wir habe(n) diese
D53: zur Kenntnis genommen.
C54: Erklärungen / Einwilligungen für die Refinanzierungszusage von Antragsteller / Mithafter:
C56: - | D56: Ich/Wir bestätige(n) die Richtigkeit und Vollständigkeit der in diesem Antrag gemachten Angaben. Mir/Uns ist bekannt, dass die
D57: Kreditkonditionen zum Zeitpunkt der Erteilung der Kreditzusage der KfW an die Wirtschafts- und Infrastrukturbank Hessen festgelegt werden,
D58: soweit für einzelne Programme nicht ausdrücklich etwas anderes gilt.
C59: - | D59: Zusatz für Anträge auf Kredite aus öffentlichen, insbesondere ERP-Mitteln:
D60: Mir/Uns ist bekannt, dass die vorstehenden Angaben gemäß dem jeweiligen Programm-Merkblatt (bei ERP-Krediten gemäß den
D61: „Allgemeinen Bedingungen für die Vergabe von ERP-Mitteln“ in Verbindung mit den Punkten „Antragsberechtigte“ und
D62: „Verwendungszweck“ der Programmrichtlinien für ERP-Programme) subventionserheblich im Sinne von § 264 StGB in Verbindung
D63: mit § 2 Subventionsgesetz sind. Die „Allgemeinen Bedingungen für die Vergabe von ERP-Mitteln“ sind mir/uns bekannt. Ich/Wir
D64: erkläre(n) mich/uns mit diesen Bedingungen einverstanden.
C66: Antragsteller: | G66: =IF(Antrag!$D$12="","",Antrag!$D$12) | AG66: Seite 3 von Seite 4
C69: Antragsteller/-in: | L69: =IF(Antrag!$D$12="","",Antrag!$D$12)
C71: Objektort und -straße: | L71: =IF(Antrag!$D$23="","",CONCATENATE(Antrag!$D$23,", ",Antrag!$D$25))
C73: - | D73: Ich/Wir versichere/versichern, kein anderes Kreditinstitut mit der Antragstellung betraut zu haben. Ich/Wir verpflichte(n) mich/uns,
D74: die Wirtschafts- und Infrastrukturbank Hessen über die wesentlichen Änderungen der zu diesem Antrag gemachten Angaben,
D75: die vor Auszahlung des Darlehens eintreten, unverzüglich und unaufgefordert in Kenntnis zu setzen. Ich/Wir verpflichte(n) mich/uns,
D76: die Bereitstellungsprovision in der programmgemäßen Höhe (vgl. Produkt-Merkblatt) sowie die bei Zusagen der KfW
D77: ggf. zu zahlende einmalige Zusagegebühr in der programmgemäßen Höhe (vgl. Produkt-Merkblatt) an die Wirtschafts- und
D78: Infrastrukturbank Hessen zur Weiterleitung an die KfW zu entrichten. Diese Bereitstellungsprovision sowie bei Zusagen der KfW
D79: ggf. die einmalige Zusagegebühr ist auch dann zu zahlen, wenn ich/wir den beantragten und von der KfW zugesagten Kredit
D80: nicht in Anspruch nehme(n), es sei denn, dass ich/wir der Wirtschafts- und Infrastrukturbank Hessen innerhalb der für die
D81: Berechnung der Bereitstellungsprovision maßgeblichen Frist (vgl. Produkt-Merkblatt) mitteile(n), dass ich/wir den Kredit
D82: nicht in Anspruch nehme(n). Über die Höhe der Bereitstellungsprovision bzw. der Zusagegebühr habe(n) ich/wir mich/uns
D83: anhand des Programm-Merkblattes informiert.
C84: - | D84: Mir/Uns ist bekannt, dass die gegen mich/uns gerichteten Ansprüche aus dem Darlehensvertrag mit der Wirtschafts- und
D85: Infrastrukturbank Hessen bereits mit ihrer Entstehung an die KfW zur Sicherheit abgetreten sind.
C86: - | D86: Ich/Wir nehme(n) zur Kenntnis, dass meine/unsere Daten im Rahmen der Beantragung der Refinanzierungszusage von der KfW und der
D87: Wirtschafts- und Infrastrukturbank Hessen als durchleitendes Kreditinstitut verarbeitet werden. Die produktspezifischen Datenschutzhinweise
D88: der KfW in der zum Zeitpunkt der Anforderung der Sofortbestätigung gültigen Version wurden mir/uns zur Verfügung gestellt und ich/wir
D89: habe(n) diese zur Kenntnis genommen. | AS89: Bei endgültiger Antragstellung ist das Formular auszudrucken, anschließend sind die erforderlichen Original-Unterschriften (ggfs. mit Firmenstempel) vorzunehmen und der gesamte Antrag im Original (über die Wohnraumförderstelle) an die WIBank zu leiten.
D92: Ort / Datum | S92: Unterschrift aller Antragsteller
C93: 3. Für die Beantragung der Finanzierungsmittel gemäß 1. und 2. sowie der Bürgschaft gilt außerdem:
C94: Mir/Uns ist bekannt, dass
C95: - | D95: für die beantragten Finanzierungsmittel grundsätzlich bankübliche Sicherheiten zu stellen sind.
C96: - | D96: ein Baubuch zu führen ist (nur bei Neubaumaßnahmen).
C97: - | D97: die Antragstellung und Zusage der Mittel ggf. auf der Grundlage der Richtlinien des Landes Hessen für die Übernahme von Bürgschaften zur
D98: Sicherung von Investitionen in Wohngebäuden und Gebäuden mit sozialen Einrichtungen einschließlich der Allgemeinen Vertragsbedingungen
D99: (Bürgschaftsrichtlinien 2019) erfolgt.
C100: - | D100: die in diesem Antrag enthaltenen Angaben subventionserheblich im Sinne des § 264 Strafgesetzbuches in Verbindung mit
D101: § 2 des Subventionsgesetzes und dem Hessischen Subventionsgesetz sowie nach § 263 des Strafgesetzbuches in der jeweils
D102: geltenden Fassung sind und falsche Angaben zu einem Strafverfahren führen können.
C103: - | D103: subventionserhebliche Tatsachen, die sich im Laufe der Abwicklung des Vorhabens ändern, der WIBank mitzuteilen sind.
C104: - | D104: bei öffentlich geförderten Wohnungen, die noch der Bindung unterliegen, die Höhe der zulässigen Kostenmiete nicht auf Grundlage
D105: der förderfähigen Kosten abzuleiten ist, sondern die Regelungen der II. Berechnungsverordnung heranzuziehen sind.
C107: Ich/Wir versicher(e/n)
C108: - | D108: die im Antrag und den beigefügten Unterlagen enthaltenen Angaben nach bestem Wissen und Gewissen richtig gemacht und keine
D109: Tatsachen verschwiegen zu haben, die für die Beurteilung der Förderungswürdigkeit der Maßnahmen und die Beurteilung meiner/unserer
D110: Leistungsfähigkeit und Zuverlässigkeit von Bedeutung sein könnten.
C111: - | D111: dass, sofern energetische Maßnahmen durchgeführt werden, die Anforderungen des Gebäudeenergiegesetzes (GEG) in der derzeit gültigen
D112: Fassung eingehalten werden. Bei Bedarf werden die entsprechenden Nachweise vorgelegt.
C113: - | D113: dass, sofern Maßnahmen in den Programmen "BEG Wohngebäude Kredit - Effizienzhaus (261)", "KFN Klimafreundlicher Neubau Wohngebäude (298)"
D114: und/oder "Altersgerecht Umbauen (159)" durchgeführt werden, die entsprechenden Programmanforderungen in der derzeit gültigen Fassung
D115: eingehalten werden. Bei Bedarf werden die entsprechenden Nachweise vorgelegt.
C116: - | D116: dass für die Investitionsvorhaben, die aus den KfW-Programmen finanziert werden, keine weiteren Mittel aus diesen Programmen für
D117: dieselben Vorhaben – auch nicht über andere Kreditinstitute – beantragt werden bzw. wurden.
C118: - | D118: dass bei einem Austausch der Heizung ein hydraulischer Abgleich vorgenommen wird.
A120: =TODAY() -> 46316 | C120: Ich/Wir erkläre(n)
C121: - | D121: dass ich/wir die "Datenschutzhinweise für Kunden und andere Betroffene" der WIBank zur Kenntnis genommen habe(n). | AI121: Link
D124: Ort / Datum | AS124: Bei endgültiger Antragstellung ist das Formular auszudrucken, anschließend sind die erforderlichen Original-Unterschriften (ggfs. mit Firmenstempel) vorzunehmen und der gesamte Antrag im Original (über die Wohnraumförderstelle) an die WIBank zu leiten.
...

Sheet Checkliste
C1: Checkliste zum Antrag
C4: Wichtige Hinweise:
C5: Sofern die aufgeführten Unterlagen nicht bei Antragstellung vorgelegt werden, wird dies zu Rückfragen führen und die | J5: Bitte kreuzen Sie die Unterlagen je nach Status an bzw. erläutern Sie fehlende Unterlagen. Legen Sie Checkliste unbedingt mit zum Antragpaket. Klären Sie vorab mit Ihrer Wohnraumförderstelle, welche Unterlagen bei der Einreichung der Originalantragstellung mitzuliefern sind bzw. welche Sie ggf. auch direkt an die WIBank leiten können.
C6: Bearbeitungsdauer erheblich verlängern! Anträge mit nicht vollständig beigefügten Unterlagen werden ggf. nachrangig bearbeitet.
C8: Sie können uns die erforderlichen Unterlagen auch direkt in unserem Datenraum zur Verfügung stellen. Zur Freischaltung des
C9: Datenraums wenden Sie sich bitte an Ihre/n Kreditsachbearbeiter/-in oder an die Telefonnummer 069 / 9132-2565.
C12: Finanzierungsnachweise und Unterlagen zu den wirtschaftlichen Verhältnissen | E12: Liegt bei | F12: Fehlt (Bitte unten begründen) | G12: Nicht zutreffend
F13: (bitte Begrün- | G13: zutreffend
F14: dung beifügen)
C15: 1. | D15: Finanzierungsnachweise (verbindliche Zusagen oder Angebote für Kapitalmarkt- und andere Fremdmittel bzw. Zuschüsse) für neue Mittel | E15: FALSE | F15: FALSE | G15: FALSE
C16: 3. | D16: Darlehensverträge und Restkapitalbestätigungen für bestehende Objektfinanzierungsmittel (außerhalb der WIBank) | E16: FALSE | F16: FALSE | G16: FALSE
C17: 2. | D17: Nachweise der Eigenleistung bzw. Eigenmittel | E17: FALSE | F17: FALSE | G17: FALSE
C18: 4. | D18: Bei privaten Antragstellern: aktuelle Einkommens- und Vermögensauskunft auf dem Vordruck der Wirtschafts- und Infrastrukturbank Hessen, zeitnahe (letzte 3 Jahre) Einkommensteuerbescheide mit Kopien der zugehörigen Steuererklärungen, zeitnahe Verdienstbescheinigung(en) des Arbeitgebers | E18: FALSE | F18: FALSE | G18: FALSE
C19: 5. | D19: Bei Unternehmen: zeitnahe, geprüfte Bilanzen (letzte 3 Jahre) nebst Prüfungsberichten bzw. Vermögensstatus, Gesellschaftsvertrag mit evtl. Nachträgen, aktueller Handelsregisterauszug oder anderer Nachweis über die Vertretungsberechtigung, soweit diese Unterlagen der WIBank noch nicht vorliegen | E19: FALSE | F19: FALSE | G19: FALSE
C20: 6. | D20: Bei Beantragung von KfW-Darlehen den jeweiligen Vordruck "Bestätigung zum Antrag - BzA" zum entsprechenden Programm | E20: FALSE | F20: FALSE | G20: FALSE
C21: 7. | D21: Bei Unternehmen und Beantragung von KfW-Mitteln: aktueller Nachhaltigkeitsbericht | E21: FALSE | F21: FALSE | G21: FALSE
C23: Bei Fragen zu den Finanzierungsnachweisen sowie zu den Unterlagen über die wirtschaftlichen Verhältnisse, wenden Sie sich bitte an Ihren Kreditsachbearbeiter oder an die Telefonnummer 069 / 9132-2565.
C25: Muss-Unterlagen zum Bauvorhaben | E25: Liegt bei | F25: Fehlt (Bitte unten begründen) | G25: Nicht zutreffend | H25: im Bestand WIBank
F26: (bitte Begrün- | G26: zutreffend | H26: zutreffend
F27: dung beifügen)
C28: 1. | D28: Baugenehmigung und genehmigte Pläne des Bestandsgebäudes vor der Maßnahme | E28: FALSE | F28: FALSE | H28: FALSE
C29: 1.a | D29: bei baugenehmigungspflichtigen Neu-Maßnahmen: neuer Bauschein bzw. Baugenehmigung und genehmigte Plänen | E29: FALSE | F29: FALSE | G29: FALSE
C30: 2. | D30: Grundrisse, Ansichten und Schnitte aller Bestandsgebäude | E30: FALSE | F30: FALSE | H30: FALSE
C31: 2.a | D31: Bei Umbaumaßnahmen mit Grundrissänderungen: Grundriss- und Schnittzeichnungen mit farbiger Darstellung "Abbruch, Bestand, Neu" - incl. neuer Berechnung der Wohnfläche - bei gefördertem Wohnraum/Balkonen nach WoFlV | E31: FALSE | F31: FALSE | G31: FALSE
D32: Hinweise zur Berechnung der förderfähigen Wohnfläche gem. WoFlV.pdf
C33: 3. | D33: Wohnflächenberechnung und Berechnung des umbauten Raums | E33: FALSE | F33: FALSE | H33: FALSE
C34: 4. | D34: Berechnungen: Brutto-Rauminhalts- und Bruttogeschossflächenberechnung, GFZ | E34: FALSE | F34: FALSE | H34: FALSE
C35: 5. | D35: Aktueller Grundbuchauszug | E35: FALSE | F35: FALSE
C36: 6. | D36: Aktuelle Liegenschaftskarte mit Eintragung der Gebäude | E36: FALSE | F36: FALSE
C37: 7. | D37: Aktueller Auszug aus dem Baulastenverzeichnis | E37: FALSE | F37: FALSE
C38: 8. | D38: Aktueller Auszug aus dem Altlastenkataster | E38: FALSE | F38: FALSE
C39: 9. | D39: Ist-Bauzustandsbeschreibung (inkl. durchgeführte Instandhaltungs- und Modernisierungsmaßnahmen seit Bau bis heute) | E39: FALSE | F39: FALSE
C40: 10. | D40: Lichtbilder vom Objekt (innen und außen) zum Nachweis des Ist-Zustandes | E40: FALSE | F40: FALSE
C41: 11. | D41: Beschreibung der geplanten Modernisierungs-, Instandsetzungs- und Energieeinsparungsmaßnahmen (je Gewerk) | E41: FALSE | F41: FALSE
C42: 12. | D42: Prüfbare Kostenaufstellung (je Gewerk) / prüfbare Nachweise, z.B. nach DIN 276 - bitte an den entsprechenden Listenpunkte der Einzelreiter orientieren bzw. zuordnen | E42: FALSE | F42: FALSE
C43: 13. | D43: Energieausweis(e) zum Bestand zzgl. Entwurf nach Modernisierung (sofern relevant) | E43: FALSE | F43: FALSE
D44: =CONCATENATE("Antragsteller: ",Antrag!$D$12) -> Antragsteller: | G44: Seite 1 von Seite 2
C47: Muss-Unterlagen zum Bauvorhaben | E47: Liegt bei | F47: Fehlt (Bitte unten begründen) | G47: Nicht zutreffend | H47: im Bestand WIBank
F48: (bitte Begrün- | G48: zutreffend | H48: zutreffend
F49: dung beifügen)
C50: 14. | D50: Eintragungsbewilligungen oder Vertragsentwürfe zu Herrschvermerken im Bestandsverzeichnis und zu Eintragungen in Abt. II - Bestand | E50: FALSE | F50: FALSE | G50: FALSE | H50: FALSE
C51: 15. | D51: Eintragungsbewilligungen oder Vertragsentwürfe zu Herrschvermerken im Bestandsverzeichnis und zu Eintragungen in Abt. II - neu zu bilden | E51: FALSE | F51: FALSE | G51: FALSE
C52: 16. | D52: Nachweis über Denkmalschutz | E52: FALSE | F52: FALSE | G52: FALSE | H52: FALSE
C53: 16.a | D53: ggf. Vordruck "Zusätzliche Bestätigung für Baudenkmale oder sonstige besonders erhaltenswerte Bausubstanz (KfW 261) | E53: FALSE | F53: FALSE | G53: FALSE | H53: FALSE
C54: 17 | D54: Erbbaurechtsvertrag / die Erbbauzinsvereinbarung sowie Nachweise zur aktuellen Erbbauzinshöhe | E54: FALSE | F54: FALSE | G54: FALSE | H54: FALSE
C61: Begründung zu fehlenden Unterlagen/Nachweisen:
B62: =TODAY() -> 46316
D64: =CONCATENATE("Antragsteller: ",Antrag!$D$12) -> Antragsteller: | G64: Seite 2 von Seite 2

Sheet 5.1 Mod.-Landesmittel
B2: 5.1 | D2: Modernisierungsmaßnahmen
D3: nach den Landesrichtlinien
D5: Bauherr: | G5: =IF(Antrag!$D$12="","",Antrag!$D$12)
D7: Bauort: | G7: =IF(Antrag!$D$23="","",CONCATENATE(Antrag!$D$23,", ",Antrag!$D$25))
S9: WE | U9: veranschl. Kosten in vollen EUR
B10: 5.1.1. | D10: Verbesserung des Wohnungszuschnittes, zum Beispiel durch Zusammenlegung kleiner Wohnungen zu einer großen Wohnung für kinderreiche Familien
B11: 5.1.2. | D11: Verbesserung der Wohnqualität, insbesondere durch Anbau von Balkonen
B12: 5.1.3. | D12: Verbesserung der natürlichen Belichtung und Belüftung
B13: 5.1.4. | D13: Verbesserung der Energieversorgung, der Wasserversorgung, insbesondere zur Verbrauchsreduzierung und Messung des Trinkwasserverbrauchs
B14: 5.1.5. | D14: Verbesserung des Schallschutzes
B15: 5.1.6. | D15: Verbesserung der sanitären Einrichtungen, der Entwässerung und des Feuchtigkeitsschutzes
B16: 5.1.7. | D16: Verbesserung der unmittelbaren Umgebung des Wohngebäudes
B17: 5.1.8. | D17: Bauliche Maßnahmen zur Eignung einer Wohnung für ältere Menschen oder Menschen mit Behinderungen
B18: 5.1.9. | D18: Ausgaben für modernisierungsbedingte Instandsetzungen
B19: 5.1.10. | D19: Nebenkosten / Sonstiges (förderfähig)
D21: Summe der Modernisierungskosten (Nr. 5.1.1. - 5.1.10.) | U21: =IF(SUM(U10:U19)=0,"",SUM(U10:U19))
D31: Ort / Datum | M31: Unterschrift (Antragsteller/in)
U37: Anlage 5.1

Sheet 5.2 Neubau Effizienzhs. 
B2: 5.2 | D2: KfW 298 - KFN Klimafreundlicher Neubau Wohngebäude (nur im Bestand)
D4: Bauherr: | F4: =IF(Antrag!$D$12="","",Antrag!$D$12)
D6: Bauort: | F6: =IF(Antrag!$D$23="","",CONCATENATE(Antrag!$D$23,", ",Antrag!$D$25))
D12: Aufstellung der Gesamtkosten bei Maßnahmen am Bestand je Gewerk | O12: veranschl. Kosten in vollen EUR
D13: einschließl. Architekten- und Ingenieurleistungen sowie Nebenkosten
D36: G e s a m t k o s t e n (Endsumme) | O36: =IF(SUM(O15:Q34)=0,"",SUM(O15:Q34))
D40: Ort / Datum | K40: Unterschrift (Antragsteller/in)
D42: Als Anlagen sind beigefügt:
D44: - | E44: Nachweis des Grundstückswertes durch Kaufvertrag / Erbbaurechtsvertrag
O46: Anlage 5.2

Sheet 5.3 Mod.-KFW Sanieren
B3: 5.3 | D3: KfW 261 - BEG Wohngebäude Kredit (Sanierung)
C4: Bauherr: | H4: =IF(Antrag!$D$12="","",Antrag!$D$12)
C6: Bauort: | H6: =IF(Antrag!$D$23="","",CONCATENATE(Antrag!$D$23,", ",Antrag!$D$25))
C8: gem. Programmbedingungen der KfW (s. Merkblatt sowie dessen Anlage
C9: zum Programm 261 und Liste der förderfähigen Kosten)
Z14: veranschl. Kosten in vollen EUR
B16: 5.3.1. | D16: Maßnahmen an der Gebäudehülle:
B17: 5.3.1.1 | D17: - | E17: Außenwänden, Dachflächen, Decken+Wände gegen unbeheizte Räume+Bodenflächen)
B18: 5.3.1.2 | D18: - | E18: Fenster, Fenstertüren, Dachflächenfenster, Glasdächer, Außentüren, Vorhangfassaden, Tore
B19: 5.3.1.3 | D19: - | E19: sommerlicher Wärmeschutz
B20: 5.3.2. | D20: Anlagentechnik (außer Heizung)
B21: 5.3.2.1 | D21: - | E21: Einbau/Austausch/Optimierung raumluft- u. klimatechn. Anlagen inkl. Wärme-/Kälterückgewinnung
B22: 5.3.2.2 | D22: - | E22: Erstinstallation/Erneuerung Lüftungsanlagen
B23: 5.3.2.3 | D23: - | E23: Inbetriebnahme/Einregulierung/Einweisung Anlagenbetreibende
B24: 5.3.2.4 | D24: - | E24: Einbau digitales System zur energet. Betriebs- u. Verbrauchsoptimierung / Verbesserung der Netzdienlichkeit techn. Anlagen
B25: 5.3.3. | D25: Kosten für Anlagen zur Wärmeerzeugung (Heizungstechnik)
B26: 5.3.4 | D26: Heizungsoptimierung
B27: 5.3.5 | D27: Fachplanung und Baubegleitung
B28: 5.3.6 | D28: Anlagen zur Stromerzeugung
B29: 5.3.7 | D29: Sonstiges (1) und Nebenkosten
D31: Summe der Gebäudesanierungsmaßnahmen | Y31: =Z31 | Z31: =IF(SUM(Z16:AC29)=0,"",SUM(Z16:AC29))
C34: Ort / Datum | S34: Unterschrift (Antragsteller/in)
C36: (1) Bitte Aufstellung beifügen.
AA40: Anlage 5.3

Sheet 5.4 KfW Altersgerecht Umbauen
B3: 5.4 | D3: Programm Altersgerecht Umbauen (159)
D4: ggf. inkl. Nebenkosten
B5: Bauherr: | F5: =IF(Antrag!$D$12="","",Antrag!$D$12)
B7: Bauort: | F7: =IF(Antrag!$D$23="","",CONCATENATE(Antrag!$D$23,", ",Antrag!$D$25))
Z9: veranschl. Kosten in vollen EUR
D12: Einzelmaßnahmen zur Barrierereduzierung
B13: 5.4.1 | D13: Förderbereich 1: Wege zu Gebäuden und Wohnumfeldmaßnahmen
B14: 5.4.2 | D14: Förderbereich 2: Eingangsbereich und Wohnungszugang
B15: 5.4.3 | D15: Förderbereich 3: Überwindung von Treppen und Stufen
B16: 5.4.4 | D16: Förderbereich 4: Raumaufteilung und Schwellenabbau
B17: 5.4.5 | D17: Förderbereich 5: Badumbau / Maßnahmen an Sanitärräumen
B18: 5.4.6 | D18: Förderbereich 6: Orientierung, Kommunikation und Unterstützung im Alltag
B19: 5.4.7 | D19: Förderbereich 7: Gemeinschaftsräume, Mehrgenerationenwohnen
B21: 5.4.8 | D21: Standard "Altersgerechtes Haus"
B22: 5.4.9 | D22: Maßnahmen zum Einbruchschutz
D23: Einbruchhemmende Haus-, Wohnungs- und Nebeneingangstüren
D24: Einbruchhemmende Garagentore und -zugänge, die mit dem Wohhaus verbunden sind
D25: Nachrüstsysteme für Haus-, Wohnungs- und Nebeneingangstüren
D26: Nachrüstsysteme für vorhandene Fenster sowie einbruchhemmende Gitter, Klapp- und Rolläden und Lichtschachtabdeckungen
D27: Einbruch- und Überfallmeldeanlagen
D28: Gefahrenwarnanlagen und Sicherheitstechnik in Smart Home Anwendungen mit Einbruchmeldefunktion
D30: Summe der Maßnahme "Altergerecht Umbauen" | Z30: =IF(SUM(Z13:AC28)=0,"",SUM(Z13:AC19,Z21:AC21,Z23:AC28))
C34: Ort / Datum | S34: Unterschrift (Antragsteller/in)
AA37: Anlage 5.4
